 Dungeon Crawl Stone Soup version 0.16-a0-1029-gdfc7942 (webtiles) character file.

208 Kold the Chopper (level 5, -5/45 HPs)
             Began as a Minotaur Fighter on Oct 4, 2014.
             Slain by Samadhi's ghost (7 damage)
             ... in a sewer.
             The game lasted 00:04:46 (2643 turns).

Kold the Chopper (Minotaur Fighter)                 Turns: 2643, Time: 00:04:46

HP  -5/45        AC  6     Str 21      XL: 5   Next: 55%
MP   2/2         EV 11     Int 11      God:
Gold 116         SH  0     Dex 15      Spells:  0 memorised,  4 levels left

rFire  . . .     SeeInvis .     a - +0 war axe
rCold  . . .     Clarity  .     b - +0 scale mail
rNeg   . . .     rCorr    .     c - +0 shield
rPois  .         rRot     .     (helmet restricted)
rElec  .         Spirit   .     (no cloak)
SustAb .         Warding  .     (no gloves)
rMut   .         Stasis   .     (no boots)
Gourm  .                        (no amulet)
MR     .....                    (no ring)
                                g - +6 ring of intelligence

@: confused, agile, lethally poisoned, invisible, not resistant to hostile
enchantments, extremely unstealthy
A: retaliatory headbutt, horns 2
a: no special abilities


You were in a sewer.
You were hungry.

You visited 1 branch of the dungeon, and saw 3 of its levels.
You also visited: Sewer.

You collected 116 gold pieces.

Inventory:

Hand weapons
 a - a +0 war axe (weapon)
 y - a +0 blowgun
Armour
 b - a +0 scale mail (worn)
 c - a +0 shield (worn)
Magical devices
 n - a wand of magic darts (14)
Comestibles
 d - 3 bread rations
 m - a meat ration
 o - 3 fruits
 x - a rotting chunk of ball python flesh
 z - a rotting chunk of giant cockroach flesh
Scrolls
 l - a scroll of remove curse
 q - 2 scrolls of teleportation {unknown}
 r - a scroll of blinking {unknown}
 s - 2 scrolls of identify
 t - a scroll of noise {unknown}
 u - a scroll of amnesia {unknown}
 v - a scroll of recharging {unknown}
 w - a scroll of enchant weapon {unknown}
Jewellery
 g - a +6 ring of intelligence (left hand)
Potions
 e - 2 potions of might
 f - a potion of agility
 k - a potion of haste {unknown}
 p - a potion of mutation {unknown}


   Skills:
 - Level 3.6 Fighting
 + Level 7.1 Axes
 - Level 3.6 Armour
 - Level 3.7 Shields


You had 4 spell levels left.
You didn't know any spells.

Dungeon Overview and Level Annotations

Branches:
Dungeon (3/15)

Altars:
Fedhas

Annotations:
Sewer Samadhi's ghost, experienced DsVM


Innate Abilities, Weirdness & Mutations

You reflexively headbutt those who attack you in melee.
You have a pair of horns on your head.


Message History

The sting hits you!
You are poisoned.
* * * LOW HITPOINT WARNING * * *
The bat is engulfed in noxious fumes.
The bat appears confused.
The bat flutters around in erratic circles.
Drink which item? (? for menu, Esc to quit)
Magic courses through your body.
It was a potion of magic.
You are engulfed in noxious fumes.
You choke on the stench!
You are more confused.
You feel sick. Samadhi's ghost hits you.
* * * LOW HITPOINT WARNING * * *
The giant mite is engulfed in noxious fumes.
The giant mite appears confused.
Drink which item? (? for menu, Esc to quit)
You fade into invisibility!
It was a potion of invisibility.
You choke on the stench!
You are more confused.
* * * LOW HITPOINT WARNING * * *
Samadhi's ghost hits you!
You die...

#.(.....#≈≈≈#≈≈≈..#
#....(.≈#≈≈≈#.....#
#......≈#≈≈≈#.....
#....≈≈P#≈≈≈#....#
.....≈≈≈#≈≈≈#P≈.b##
.....≈≈≈≈≈≈≈#≈≈...###
..P...≈≈#≈≈≈#P≈.....#
......≈≈#≈≈≈#≈PW§§..#
..P%..≈P#≈≈≈≈≈≈§@§..#
........#≈≈≈≈≈≈§s§###
........#≈≈≈≈≈≈≈.....#
.......≈#≈≈≈≈P≈P.....#
......≈≈#≈≈≈#≈≈.....##
.....≈P≈≈≈≈≈#≈P.....#
......≈P#≈≈≈#≈≈.....#
.....P≈≈≈≈≈≈#≈≈..P..#
#.....≈≈#≈≈≈#.....


You could see Samadhi's ghost, a giant mite (confused) and a bat (confused).

Vanquished Creatures
  A big kobold (Sewer)
  A green rat (D:3)
  5 adders (D:2)
  A giant mite (D:3)
  2 worms (D:2)
  4 giant geckos
  An ooze (D:1)
  3 orcs (D:3)
  3 ball pythons
  7 goblins
  9 hobgoblins
  5 jackals (D:1)
  10 kobolds
  6 bats
  8 giant cockroaches
  3 giant newts
  7 rats
76 creatures vanquished.

Notes
Turn   | Place    | Note
--------------------------------------------------------------
     0 | D:1      | Kold, the Minotaur Fighter, began the quest for the Orb.
     0 | D:1      | Reached XP level 1. HP: 19/19 MP: 1/1
   298 | D:1      | Reached XP level 2. HP: 20/26 MP: 1/1
   710 | D:1      | Reached skill level 4 in Axes
   989 | D:2      | Reached XP level 3. HP: 26/31 MP: 2/2
  1313 | D:2      | Reached skill level 5 in Axes
  1579 | D:2      | Reached XP level 4. HP: 39/39 MP: 2/2
  1781 | D:2      | Found a blossoming altar of Fedhas.
  1928 | D:3      | Reached skill level 6 in Axes
  2067 | D:3      | Reached XP level 5. HP: 45/45 MP: 2/2
  2102 | D:3      | Found a glowing drain.
  2109 | Sewer    | Entered a sewer
  2319 | Sewer    | Reached skill level 7 in Axes
  2621 | Sewer    | Noticed Samadhi's ghost (experienced DsVM)
  2643 | Sewer    | HP: 2/45 [Samadhi's ghost] (2)]
  2643 | Sewer    | Slain by Samadhi's ghost

Action                   |  1- 3 |  4- 6 || total
-------------------------+-------+-------++-------
Melee: War axe           |    99 |   100 ||   199
Evoke: Wand              |     1 |       ||     1
  Use: Potion            |       |     6 ||     6
       Scroll            |       |     1 ||     1
  Eat: Chunk             |     2 |     3 ||     5
